[Event "Late-Titled-Tuesday-Blitz-February-06-2024"]
[Site "Chess.com"]
[Date "2024.02.06"]
[Round "11"]
[White "DonJuanEGenaro"]
[Black "nikitadovbnya2008"]
[Result "1-0"]
[WhiteElo "2116"]
[BlackElo "2323"]
[TimeControl "180+1"]
[EndTime "16:03:56 PST"]
[Termination "DonJuanEGenaro won by checkmate"]

1. d4 Nf6 2. Nf3 d5 3. c4 e6 4. Nc3 Nbd7 5. e3 Be7 6. Bd3 O-O 7. h4 c5 8. g4 cxd4 9. exd4 dxc4 10. Bxc4 Nb6 11.
Bd3 Nfd5 12. Qe2 Nxc3 13. bxc3 Nd5 14. Bd2 b6 15. h5 Bb7 16. Qe4 g6 17. hxg6 hxg6 18.
g5 Kg7 19. Qe5+ f6 20. Qe4 Qe8 21. Rh6 Nf4 22. Qxf4 fxg5 23. Qh2 Rxf3 24. Rh7+ Kf6 25. Qe5# 1-0

[Event "Late-Titled-Tuesday-Blitz-February-06-2024"]
[Site "Chess.com"]
[Date "2024.02.06"]
[Round "11"]
[White "StellarChess"]
[Black "CaspiIsrael"]
[Result "0-1"]
[WhiteElo "2567"]
[BlackElo "2702"]
[TimeControl "180+1"]
[EndTime "16:03:57 PST"]
[Termination "CaspiIsrael won by resignation"]

1. d4 f5 2. Bg5 g6 3. Nc3 Bg7 4. Qd2 h6 5. Be3 Nc6 6. h4 Nf6 7. f3 e5 8. d5 Ne7 9. g3 d6 10.
O-O-O b5 11. Bf2 b4 12. Nb1 a5 13. c4 O-O 14. Nh3 Ra6 15. Be3 Kh7 16. Bg2 c6 17. Ng5+ hxg5 18. hxg5+ Nh5 19. c5 cxd5 20. Rh4 d4 21.
Bf2 Rc6 22. Rdh1 Rxc5+ 23. Kd1 Kg8 24. g4 Nf4 25. Bf1 fxg4 26. fxg4 Ned5 27. Rh7 Qxg5 28. Bg2 Bxg4 29. Bf3 Bxf3 30. exf3 Qf5 31. Na3 bxa3 32. Bh4 Qb1+ 0-1

[Event "Late-Titled-Tuesday-Blitz-February-06-2024"]
[Site "Chess.com"]
[Date "2024.02.06"]
[Round "11"]
[White "boguszp"]
[Black "pfalcon1949"]
[Result "0-1"]
[WhiteElo "2015"]
[BlackElo "1978"]
[TimeControl "180+1"]
[EndTime "16:03:58 PST"]
[Termination "pfalcon1949 won on time"]

1. d4 Nf6 2. Bf4 d5 3. e3 c5 4. c3 Nc6 5. Nd2 Bf5 6. Ngf3 c4 7. h3 e6 8. b3 b5 9. a4 a6 10. b4 Ne4 11. Qc1 Be7 12. Be2 h6 13. O-O O-O 14. Ne5 Nxe5 15. Bxe5 Bd6 16. Nxe4 dxe4 17. Bxd6 Qxd6 18.
Qa3 Kh7 19. axb5 axb5 20. Qxa8 Rxa8 21. Rxa8 e5 22. Rfa1 exd4 23. exd4 e3 24. Re8 exf2+ 25. Kxf2 Qf4+ 26. Kg1 Qd2 27. Rf1 Bg6 28. Rf3 f6 29. Re7 Bh5 30. Rfe3 Bxe2 31. Rxe2 Qxc3 32. R7e4 Qxb4 33.
Kh2 c3 34. g3 Qc4 0-1

[Event "Late-Titled-Tuesday-Blitz-February-06-2024"]
[Site "Chess.com"]
[Date "2024.02.06"]
[Round "11"]
[White "GoValya"]
[Black "pr1105"]
[Result "0-1"]
[WhiteElo "2282"]
[BlackElo "2416"]
[TimeControl "180+1"]
[EndTime "16:03:59 PST"]
[Termination "pr1105 won by resignation"]

1. d4 Nf6 2. g3 d5 3. Bg2 Bf5 4. c4 e6 5. Nc3 c6 6. Nf3 h6 7. O-O Nbd7 8. Nd2 Be7 9. e4 dxe4 10. Ndxe4 Nxe4 11. Nxe4 Nf6 12. Nc3 O-O 13. h3 Qb6 14. b3 Rfd8 15. Be3 Qa5 16. Qc1 Ba3 17. Qe1 Bb2 18. Na4 Qxe1 19. Raxe1 Bxd4 20. Bf4 Bd3 21.
Rd1 Bxf1 22. Kxf1 e5 23. Bc1 e4 24. Re1 b5 25. cxb5 cxb5 26. Nb2 Rac8 0-1

[Event "Late-Titled-Tuesday-Blitz-February-06-2024"]
[Site "Chess.com"]
[Date "2024.02.06"]
[Round "11"]
[White "CarlosjPineror"]
[Black "Genghis_K"]
[Result "0-1"]
[WhiteElo "2697"]
[BlackElo "2908"]
[TimeControl "180+1"]
[EndTime "16:04:04 PST"]
[Termination "Genghis_K won by resignation"]

1. e4 c5 2. Nf3 d6 3. d4 cxd4 4.
Nxd4 Nf6 5. Nc3 a6 6. Bg5 e6 7. f4 h6 8. Bh4 Qb6 9. a3 Nbd7 10. Bf2 Qc7 11. Bd3 b5 12. Qe2 Bb7 13. O-O-O Rc8 14. Kb1 Be7 15. g4 g5 16. f5 e5 17. Nb3 Nb6 18.
Bxb6 Qxb6 19. h3 h5 20. h4 Nxg4 21. hxg5 Bxg5 22. Rxh5 Rxh5 23. Qxg4 Rh2 24. Qxg5 Qf2 25. Qf6 Rd8 26. Na5 Ba8 27. Nb3 Qh4 28. Qg7 Qh6 29. Qg1 Kf8 30. Nd2 Rxd2 31. Rxd2 Qxd2 32. Qb6 Qg5 33. a4 bxa4 34. Nxa4 Kg7 35. Qxa6 d5 36. exd5 Bxd5 37. Nb6 Rd6 38. Qb5 Qg1+ 0-1

[Event "Late-Titled-Tuesday-Blitz-February-06-2024"]
[Site "Chess.com"]
[Date "2024.02.06"]
[Round "11"]
[White "KorolDimitriy75"]
[Black "Orest_Vovk"]
[Result "0-1"]
[WhiteElo "2401"]
[BlackElo "2581"]
[TimeControl "180+1"]
[EndTime "16:04:06 PST"]
[Termination "Orest_Vovk won on time"]

1. d4 h6 2. c4 g5 3. Nc3 Bg7 4. e4 c5 5. Be3 Nc6 6. Nge2 cxd4 7. Nxd4 d6 8. Be2 Qa5 9. O-O Nf6 10. f3 Nh5 11. Qd2 Nf4 12. Rfd1 Nxd4 13. Bxd4 Bxd4+ 14. Qxd4 Qxc3 15. Bf1 Qxd4+ 16. Rxd4 Bd7 17. Rc1 Rc8 18. g3 Ne6 19. Rd2 b5 20. Kf2 O-O 21. Ke3 bxc4 22. Bxc4 Bb5 23. Rdc2 Rxc4 24. Rxc4 Bxc4 25. Rxc4 Rb8 26. b3 f6 27. Rc6 Kf7 28. f4 gxf4+ 29. gxf4 Rb7 30. Ra6 Rc7 31. f5 Nc5 32. Ra5 Nd7 33. b4 Ne5 34. Ra6 Ng4+ 35. Kd4 Nxh2 36. a4 Nf3+ 37. Ke3 Ne5 38. b5 h5 39. Kf2 h4 40. Kg2 Rc3 41. Rxa7 h3+ 42. Kf2 Ng4+ 43.
Ke2 h2 44. Kd2 Ra3 45. b6 h1=R 46. e5 Rh2+ 0-1

[Event "Late-Titled-Tuesday-Blitz-February-06-2024"]
[Site "Chess.com"]
[Date "2024.02.06"]
[Round "11"]
[White "brm72"]
[Black "cukricek"]
[Result "0-1"]
[WhiteElo "2634"]
[BlackElo "2448"]
[TimeControl "180+1"]
[EndTime "16:04:07 PST"]
[Termination "cukricek won by resignation"]

1. d4 Nf6 2. Bg5 Ne4 3. Bf4 c5 4. Bxb8 Rxb8 5. f3 Qa5+ 6. c3 Nf6 7. e4 cxd4 8. Qxd4 e6 9. Bc4 Bc5 10. Qd3 Bxg1 11. Rxg1 Qb6 12. Rf1 Qxb2 13. Qd2 Qxa1 14. Ke2 b5 15. Na3 Qxf1+ 16. Kxf1 bxc4 17. Qd6 Rb6 18. Qc7 Rc6 19. Qxa7 O-O 20. Nb5 d5 21. Nd4 Ra6 22. Qc7 dxe4 23. fxe4 Rxa2 24. Nc6 Ba6 25. Ne7+ Kh8 26. h4 Nxe4 27. h5 h6 28. g4 Nxc3 29. g5 Nd5 30. Qd6 Nxe7 31. Qxe7 Rb8 0-1

[Event "Late-Titled-Tuesday-Blitz-February-06-2024"]
[Site "Chess.com"]
[Date "2024.02.06"]
[Round "11"]
[White "TheAlienParty"]
[Black "protectiago"]
[Result "1-0"]
[WhiteElo "2405"]
[BlackElo "2122"]
[TimeControl "180+1"]
[EndTime "16:04:09 PST"]
[Termination "TheAlienParty won on time"]

1. c4 c5 2. Nc3 Nc6 3. Nf3 Nf6 4.
d4 cxd4 5. Nxd4 g6 6. g3 Bg7 7.
Nc2 O-O 8. Bg2 d6 9. O-O Be6 10. b3 Qd7 11. Bb2 Bh3 12. Ne3 Bxg2 13. Kxg2 Rfd8 14.
Qd2 Ng4 15. Ned5 e6 16. Nf4 Nce5 17. f3 Qc6 18. h3 Nf6 19. Rad1 g5 20. Nd3 g4 21.
hxg4 Nexg4 22. Nf4 Bh6 23. Kh3 Ne5 24. Rh1 Ng6 25.
Kg2 Nxf4+ 26. gxf4 Bg7 27. Kf2 Qb6+ 28. e3 d5 29.
cxd5 exd5 30. Ne2 Kf8 31. Bd4 Qe6 32. Rdg1 Ne8 33. Qb2 Bxd4 34. Nxd4 Qe7 35. Rxh7 Nf6 36. Rh8+ 1-0

[Event "Late-Titled-Tuesday-Blitz-February-06-2024"]
[Site "Chess.com"]
[Date "2024.02.06"]
[Round "11"]
[White "Karttunen"]
[Black "stepanosinovsky"]
[Result "1-0"]
[WhiteElo "2620"]
[BlackElo "2390"]
[TimeControl "180+1"]
[EndTime "16:04:10 PST"]
[Termination "Karttunen won on time"]

1. e4 e5 2. Nf3 Nc6 3. Bb5 a6 4. Ba4 Nf6 5. O-O Be7 6. Re1 b5 7. Bb3 O-O 8. a4 b4 9. d3 Bb7 10. a5 d5 11. exd5 Nxd5 12. Nxe5 Nxe5 13. Rxe5 Bf6 14.
Re4 Nc3 15. Nxc3 bxc3 16. Rb4 cxb2 17. Bxb2 Bxb2 18. Rb1 Bc6 19. Rxb2 Qd6 20. Bc4 Rae8 21.
Rb1 Re5 22. Qd2 Qg6 23. f4 Re7 24. c3 h5 25. Qf2 Rfe8 26. Rb8 Qf6 27. Rxe8+ Rxe8 28. Qd4 Qg6 29. Qf2 Qf6 30. d4 Qf5 31. Rf1 Qxa5 32.
Qd2 Qf5 33. Bxa6 1-0

[Event "Late-Titled-Tuesday-Blitz-February-06-2024"]
[Site "Chess.com"]
[Date "2024.02.06"]
[Round "11"]
[White "Jahonas"]
[Black "rdarruda"]
[Result "0-1"]
[WhiteElo "2369"]
[BlackElo "2541"]
[TimeControl "180+1"]
[EndTime "16:04:11 PST"]
[Termination "rdarruda won by resignation"]

1. d4 Nf6 2. c4 e5 3. dxe5 Ne4 4. Nf3 Nc6 5. e3 d6 6. Nbd2 Nxd2 7. Bxd2 dxe5 8. Bc3 Qxd1+ 9. Rxd1 f6 10. Be2 Be6 11. O-O Be7 12. a3 Kf7 13. b4 a5 14. b5 Nb8 15. a4 Nd7 16. Bb2 Nb6 17. Ra1 Bxc4 18.
Bxc4+ Nxc4 19. Bc3 Nb6 20. Rfc1 Bd6 21. Nd2 Nd5 22. Ne4 b6 23. Nxd6+ cxd6 24. Be1 Rhc8 25. Kf1 Ke6 26. Ke2 Rc5 27. Rxc5 dxc5 28. g3 e4 29. Rc1 f5 30. Rc4 h5 31. h4 Rd8 32. Bd2 Nb4 33.
Bc3 g6 34. Bxb4 axb4 35. a5 bxa5 36. Rxc5 b3 37. b6 a4 38. Rb5 Rb8 39. Rb4 Kd5 40. Kd2 Kc5 41. Rxa4 Rxb6 42. Ra1 b2 43. Rb1 Kc4 44. Kc2 Rb7 45. Kd2 Kb3 0-1

[Event "Late-Titled-Tuesday-Blitz-February-06-2024"]
[Site "Chess.com"]
[Date "2024.02.06"]
[Round "11"]
[White "ritanovikova"]
[Black "Statham_01"]
[Result "0-1"]
[WhiteElo "2246"]
[BlackElo "2568"]
[TimeControl "180+1"]
[EndTime "16:04:12 PST"]
[Termination "Statham_01 won by resignation"]

1. e4 e5 2. Nf3 Nf6 3. d3 d5 4. exd5 Qxd5 5. Nc3 Bb4 6. Bd2 Bxc3 7. Bxc3 Nc6 8. Be2 Bg4 9. h3 Bh5 10. O-O O-O-O 11.
Ng5 Bxe2 12. Qxe2 h6 13. Ne4 Nxe4 14. dxe4 Qe6 15. b4 Nd4 16. Bxd4 Rxd4 17. c3 Qc4 18.
Qe3 Rxe4 19. Qxa7 Qa6 20. Qc5 Kb8 21. Rfe1 Rxe1+ 22. Rxe1 f6 23. Qd5 Qd6 24. Qb3 Rd8 25.
a4 Qd5 26. Qb1 Qd3 27. Qa1 g5 28. Rb1 h5 29. b5 g4 30. h4 g3 31. fxg3 Qxg3 32. Rb4 Rd2 33. Qf1 f5 34. b6 cxb6 35. a5 f4 36. Kh1 Rf2 37. Qg1 Qxh4+ 0-1

[Event "Late-Titled-Tuesday-Blitz-February-06-2024"]
[Site "Chess.com"]
[Date "2024.02.06"]
[Round "11"]
[White "temus_galaktionov"]
[Black "GMWSO"]
[Result "0-1"]
[WhiteElo "2870"]
[BlackElo "3082"]
[TimeControl "180+1"]
[EndTime "16:04:13 PST"]
[Termination "GMWSO won by resignation"]

1. d4 d5 2. c4 e6 3. Nf3 Nf6 4. Nc3 a6 5. cxd5 exd5 6. Bg5 Be6 7. e3 Nbd7 8. Bd3 Bd6 9. h3 c6 10. O-O Qc7 11. Qd2 O-O 12. Bf4 Rfe8 13. Rfc1 Nb6 14.
Bxd6 Qxd6 15. Ne5 Nfd7 16. Nxd7 Qxd7 17. Qc2 g6 18. Na4 Nxa4 19. Qxa4 h5 20. Re1 h4 21. Rad1 Bf5 22. Qc2 Bxd3 23. Qxd3 Re6 24. f3 Rae8 25. e4 Qe7 26. e5 Qg5 27. Rf1 Qf4 28. Qd2 g5 29.
Qxf4 gxf4 30. Rf2 f6 31. exf6 Kf7 32. Kf1 Kxf6 33. Rc2 Ke7 34. Kf2 Kd6 35. Rcd2 Re3 36. Rc2 a5 37. Rcd2 a4 38. Rc2 R8e6 39. Rcd2 Re8 40.
Rc2 R3e6 41. Rcd2 Ra8 42. Rc2 Ra5 43. Re1 Rxe1 44. Kxe1 b6 45. Kd2 Ra7 46. Rc3 Rg7 47. Ra3 Rxg2+ 48. Kc1 b5 49. b3 axb3 50. axb3 Rh2 51. Ra8 Rxh3 52. Rh8 Rxf3 53. Rxh4 Rxb3 54. Rxf4 Rc3+ 55. Kd2 Rc4 56. Kd3 Kc7 57. Rf8 b4 58.
Ra8 Kb7 59. Ra4 Kb6 60. Ra8 Kb5 61. Ra1 Rc3+ 62. Kd2 Kc4 0-1

[Event "Late-Titled-Tuesday-Blitz-February-06-2024"]
[Site "Chess.com"]
[Date "2024.02.06"]
[Round "11"]
[White "Zallio"]
[Black "Boninknights"]
[Result "0-1"]
[WhiteElo "2154"]
[BlackElo "2349"]
[TimeControl "180+1"]
[EndTime "16:04:14 PST"]
[Termination "Boninknights won by checkmate"]

1. e4 e5 2. Nf3 Qe7 3. Bc4 g6 4. O-O Bg7 5. c3 Nf6 6. d3 O-O 7. Bg5 h6 8. Bh4 d6 9. Re1 a5 10. a4 Nbd7 11. Nbd2 c6 12. Nf1 g5 13. Bg3 Nc5 14. Ne3 Nh5 15. b4 axb4 16. cxb4 Nxa4 17.
Rxa4 Rxa4 18. Qxa4 b5 19. Bxb5 cxb5 20. Qxb5 f5 21.
Nd5 Qf7 22. h4 g4 23. Nd2 f4 24. Bh2 g3 25. Nc4 gxh2+ 26. Kxh2 f3 27. Nxd6 Qe6 28. Nxc8 Rxc8 29. g3 Rc2 30. Kg1 Qh3 31. Ne3 Nxg3 32. Qe8+ Kh7 33. Qa4 Qh1# 0-1

[Event "Late-Titled-Tuesday-Blitz-February-06-2024"]
[Site "Chess.com"]
[Date "2024.02.06"]
[Round "11"]
[White "Durarbayli"]
[Black "DenLaz"]
[Result "1/2-1/2"]
[WhiteElo "2928"]
[BlackElo "3046"]
[TimeControl "180+1"]
[EndTime "16:04:15 PST"]
[Termination "Game drawn by repetition"]

1. e4 c5 2. Nf3 e6 3. d4 cxd4 4. Nxd4 Nc6 5. Nc3 Qc7 6. Be3 a6 7. Qf3 Ne5 8. Qg3 h5 9. Bf4 d6 10. Bg5 Bd7 11. O-O-O b5 12. f4 Nc4 13. f5 b4 14. fxe6 fxe6 15. Bh4 Rh6 16. Nce2 Nf6 17. Bxf6 Rxf6 18. Nf4 g6 19. Nxg6 Bh6+ 20. Kb1 Ne3 21. Re1 Qc5 22. e5 Nxf1 23. Rhxf1 Rxf1 24. Rxf1 Qxd4 25. Qf3 O-O-O 26. Qa8+ Kc7 27. exd6+ Qxd6 28. Qa7+ Kc8 29.
Qa8+ Kc7 30. Qa7+ Kc8 31. Qa8+ Kc7 1/2-1/2

[Event "Late-Titled-Tuesday-Blitz-February-06-2024"]
[Site "Chess.com"]
[Date "2024.02.06"]
[Round "11"]
[White "TimGrutter03"]
[Black "Englishman_18"]
[Result "1-0"]
[WhiteElo "2615"]
[BlackElo "2428"]
[TimeControl "180+1"]
[EndTime "16:04:19 PST"]
[Termination "TimGrutter03 won on time"]

1. e4 c5 2. Nf3 d6 3. d4 cxd4 4. Nxd4 Nf6 5. Nc3 a6 6. h4 e6 7. h5 d5 8. exd5 Nxd5 9. Nxd5 Qxd5 10. h6 g6 11. c4 Qd8 12. a3 e5 13. Nf3 Nc6 14. Qxd8+ Kxd8 15. Bg5+ Be7 16. O-O-O+ Ke8 17. Bxe7 Kxe7 18. Bd3 Be6 19. Ng5 Bd7 20. Be4 f6 21.
Nf3 Rad8 22. Rd2 Na5 23. Rc2 Nb3+ 24. Kb1 b6 25. Rc3 Nc5 26. Bc2 Bc6 27. b4 Ne4 28. Bxe4 Bxe4+ 29. Kc1 Rd7 30. Re1 Bb7 31. Nd2 Rhd8 32.
Nb3 Bxg2 33. f4 Ke6 34. c5 Rd3 35. Rxd3 Rxd3 36. Kc2 Rd8 37. cxb6 Rb8 38. Nc5+ Kd6 39. fxe5+ fxe5 40. Rxe5 Rxb6 41. Re6+ Kc7 42. Nxa6+ Kb7 43. Nc5+ Kc7 44. Re7+ Kc6 45. Rxh7 Kd5 46. Rg7 Rf6 47.
h7 Rf2+ 48. Kd3 Rf3+ 49. Ke2 Rh3 50. Rxg6 Bf3+ 51. Kf2 1-0

[Event "Late-Titled-Tuesday-Blitz-February-06-2024"]
[Site "Chess.com"]
[Date "2024.02.06"]
[Round "11"]
[White "Binary010"]
[Black "dmitrijiIM"]
[Result "0-1"]
[WhiteElo "2838"]
[BlackElo "2935"]
[TimeControl "180+1"]
[EndTime "16:04:22 PST"]
[Termination "dmitrijiIM won by resignation"]

1. e4 e5 2. Nf3 Nc6 3. Bc4 Bc5 4.
c3 Nf6 5. d4 exd4 6. b4 Be7 7.
e5 Ne4 8. b5 d5 9. exd6 Nxd6 10.
bxc6 Nxc4 11. cxb7 Bxb7 12. Qa4+ Qd7 13. Qxc4 O-O 14.
Qxd4 Qb5 15. a4 Qa6 16. Be3 Rad8 17. Qg4 Qd3 18. Nbd2 Ba6 19. c4 Bb4 20. Rd1 Bxc4 21. Ne5 Bxd2+ 22. Bxd2 Rfe8 23. f4 Qe4+ 24. Kf2 Rxe5 25.
Rhe1 Rxd2+ 26. Kg3 Qxg2+ 27. Kh4 Qxh2+ 0-1

[Event "Late-Titled-Tuesday-Blitz-February-06-2024"]
[Site "Chess.com"]
[Date "2024.02.06"]
[Round "11"]
[White "Quattroporte300"]
[Black "matagordo"]
[Result "1-0"]
[WhiteElo "2388"]
[BlackElo "2244"]
[TimeControl "180+1"]
[EndTime "16:04:23 PST"]
[Termination "Quattroporte300 won on time"]

1. e4 e6 2. d4 d5 3. e5 c5 4.
c3 Nc6 5. Nf3 b6 6. Be2 Nge7 7.
O-O Bb7 8. Re1 Qc8 9. Nbd2 Ba6 10. c4 cxd4 11. cxd5 Nxd5 12. Ne4 Be7 13. Nd6+ Bxd6 14. exd6 Bxe2 15. Rxe2 O-O 16. Nxd4 Nxd4 17. Qxd4 Qc6 18. Qe5 Rfd8 19. Bg5 Rxd6 20. Qg3 Qd7 21. Bh6 f6 22. h4 Rd8 23. Rae1 e5 24. h5 Kh8 25. Bc1 Ne7 26. h6 g6 27. Qb3 Nf5 28. f4 Rd1 29. fxe5 Rxe1+ 30. Rxe1 Qd4+ 31. Be3 Nxe3 32. Qxe3 fxe5 33. Qxd4 exd4 34. Kf2 Kg8 35. Re7 d3 36. Ke1 a5 37.
Kd2 b5 38. Rg7+ Kh8 39. Rb7 b4 40. b3 Kg8 41. g4 1-0

[Event "Late-Titled-Tuesday-Blitz-February-06-2024"]
[Site "Chess.com"]
[Date "2024.02.06"]
[Round "11"]
[White "giovannibrandao7"]
[Black "IranianCheetah"]
[Result "0-1"]
[WhiteElo "2233"]
[BlackElo "2365"]
[TimeControl "180+1"]
[EndTime "16:04:25 PST"]
[Termination "IranianCheetah won on time"]

1. e4 e5 2. Nf3 Nc6 3. Bb5 a6 4. Ba4 Nf6 5. O-O Be7 6. Re1 b5 7. Bb3 Bb7 8. c3 d5 9. exd5 Nxd5 10. d4 exd4 11. Nxd4 Nxd4 12. Qxd4 O-O 13. Bxd5 Bxd5 14. Bf4 c5 15. Qd2 Bf6 16. Na3 Ra7 17. Rad1 Rd7 18.
Be3 Qa8 19. c4 Bc6 20. Qe2 Rxd1 21. Rxd1 Bxg2 22. Re1 Bf3 23. Qf1 Qe4 24. Qh3 Qg6+ 25.
Qg3 Qxg3+ 26. hxg3 Bxb2 27. Nc2 Re8 28. cxb5 axb5 29.
Rb1 Bf6 30. Rxb5 c4 31. Rc5 c3 32. Ne1 Bd1 0-1

[Event "Late-Titled-Tuesday-Blitz-February-06-2024"]
[Site "Chess.com"]
[Date "2024.02.06"]
[Round "11"]
[White "WPWPWP-2015"]
[Black "carloseduar100"]
[Result "1-0"]
[WhiteElo "2499"]
[BlackElo "2346"]
[TimeControl "180+1"]
[EndTime "16:04:27 PST"]
[Termination "WPWPWP-2015 won by resignation"]

1. e4 e6 2. d4 d5 3. Nc3 Nf6 4. Bg5 Be7 5. e5 Nfd7 6. h4 Bxg5 7. hxg5 Qxg5 8. Nh3 Qh4 9. g3 Qe7 10. Nf4 Nc6 11. a3 g6 12. Qd2 h5 13. O-O-O Nb6 14. Bd3 Bd7 15. Bxg6 fxg6 16. Nxg6 Qh7 17. Nxh8 Qxh8 18.
Qg5 Nc4 19. Rxh5 Qf8 20. Qh4 Ne7 21. Rh8 Ng8 22. Qh5+ Kd8 23. Qh7 Be8 24. Qxg8 Qxg8 25. Rxg8 Ke7 26. Rg7+ Kd8 27. Rh1 a6 28. Rhh7 Rc8 29.
a4 Nb6 30. b3 Nd7 31. Rh8 c5 32.
Ne2 cxd4 33. Nxd4 Nc5 34. Kd1 Rc7 35. Rxe8+ Kxe8 36. Rxc7 Ne4 37. Ke1 b5 38. a5 b4 39.
Nf3 Nc3 40. Rxc3 bxc3 41. Nd4 Kd7 42. b4 1-0

[Event "Late-Titled-Tuesday-Blitz-February-06-2024"]
[Site "Chess.com"]
[Date "2024.02.06"]
[Round "11"]
[White "morte-negra"]
[Black "norwaytoadog"]
[Result "0-1"]
[WhiteElo "2019"]
[BlackElo "2225"]
[TimeControl "180+1"]
[EndTime "16:04:28 PST"]
[Termination "norwaytoadog won on time"]

1. e4 c5 2. Nf3 d6 3. d4 cxd4 4. Nxd4 Nf6 5. Nc3 a6 6. Bg5 e6 7. f4 h6 8. Bh4 Qb6 9. a3 Be7 10.
Bf2 Qc7 11. Qf3 Nbd7 12. g4 b5 13. O-O-O Bb7 14. h4 Nc5 15. Be2 Nfxe4 16. Nxe4 Bxe4 17. Qc3 Bxh1 18. Rxh1 Rc8 19. Bf3 Bf6 20. Re1 Na4 21. Qxc7 Rxc7 22. Bc6+ Ke7 23. Bg2 Rhc8 24. c3 Rc4 25.
Nf5+ Kd7 26. Ne3 R4c7 27. g5 hxg5 28. hxg5 Bd4 29. Rf1 a5 30. Kd2 Bxe3+ 31. Bxe3 Nxb2 32. Bd4 Nc4+ 33. Kc2 Nxa3+ 34. Kb3 Nc4 35. g6 f6 36. Re1 a4+ 37. Kc2 b4 38. Kd3 b3 0-1

[Event "Late-Titled-Tuesday-Blitz-February-06-2024"]
[Site "Chess.com"]
[Date "2024.02.06"]
[Round "11"]
[White "KaydenTroffChess"]
[Black "GHANDEEVAM2003"]
[Result "1-0"]
[WhiteElo "2855"]
[BlackElo "3020"]
[TimeControl "180+1"]
[EndTime "16:04:30 PST"]
[Termination "KaydenTroffChess won by checkmate"]

1. d4 d6 2. Nf3 g6 3. Bg5 Nf6 4.
Bxf6 exf6 5. Nc3 Bg7 6. g3 O-O 7. Bg2 Re8 8. O-O Nd7 9. e3 f5 10. h4 Nf6 11. Ne2 c6 12. Rc1 Ng4 13. Nf4 h5 14. c4 Qa5 15. a3 Bd7 16. Qd2 Qc7 17. b4 Re7 18. b5 Rae8 19. bxc6 bxc6 20. Rb1 Nf6 21. Ng5 Bh6 22. Qb2 Bxg5 23. hxg5 Ne4 24. Bxe4 fxe4 25. d5 Re5 26. Qb7 Qd8 27. dxc6 Bc8 28.
Qb8 Qxg5 29. Qxd6 h4 30. Kh2 Rd8 31. Qb4 Qh6 32. Kg2 Bg4 33. c7 Bf3+ 34. Kg1 Rc8 35. g4 Qg5 36. Qd6 Ree8 37. Rb8 h3 38. Kh2 Qxg4 39. Rg1 Bg2 40. Rxc8 Rxc8 41. Rb1 g5 42. Rb8 gxf4 43. Rxc8+ Kh7 44. Rh8+ Kxh8 45. Qd8+ Kh7 46. c8=Q Qe2 47. Qh8+ Kg6 48. Qcg8+ Kf5 49. Qxf7+ Kg4 50.
Qhh5# 1-0

[Event "Late-Titled-Tuesday-Blitz-February-06-2024"]
[Site "Chess.com"]
[Date "2024.02.06"]
[Round "11"]
[White "yaguigor"]
[Black "h4parah5"]
[Result "0-1"]
[WhiteElo "2720"]
[BlackElo "2960"]
[TimeControl "180+1"]
[EndTime "16:04:30 PST"]
[Termination "h4parah5 won on time"]

1. e4 c5 2. Nf3 e6 3. d4 cxd4 4.
Nxd4 Nc6 5. Nc3 Qc7 6. Be3 a6 7.
Qd2 Nf6 8. f4 b5 9. e5 Ng4 10.
Bg1 Bb7 11. Be2 h5 12. Bf3 Nh6 13. Ne4 Nxd4 14. Bxd4 Nf5 15. Bf2 Rd8 16. Nd6+ Bxd6 17. exd6 Qb8 18. Bb6 Rc8 19. Bc7 Qa8 20. O-O Bxf3 21.
Rxf3 f6 22. a4 Qc6 23. axb5 axb5 24. Rc3 Qb7 25. Qf2 Kf7 26. Ra7 Qe4 27. Rd3 Ra8 28.
Rda3 Rxa7 29. Rxa7 Ra8 30. Rxa8 Qxa8 31. Qe1 Qa7+ 32.
Kh1 Qd4 33. c3 Qxf4 34. Kg1 h4 35. h3 g5 36. b3 Ng3 37. Kh2 Ne2+ 38. Kh1 Qe3 39.
Qa1 Qxc3 40. Qxc3 Nxc3 41. Kg1 e5 42. Kf2 Ke6 43. Kf3 f5 0-1

[Event "Late-Titled-Tuesday-Blitz-February-06-2024"]
[Site "Chess.com"]
[Date "2024.02.06"]
[Round "11"]
[White "jcibarra"]
[Black "Rud_Makarian"]
[Result "1/2-1/2"]
[WhiteElo "2914"]
[BlackElo "3030"]
[TimeControl "180+1"]
[EndTime "16:04:33 PST"]
[Termination "Game drawn by repetition"]

1. e4 e5 2. Nf3 Nc6 3. Nc3 Nf6 4.
h3 a6 5. d4 Bb4 6. Nxe5 Nxe5 7. dxe5 Nxe4 8. Qg4 d5 9. Qxg7 Rf8 10. a3 Bxc3+ 11. bxc3 Qh4 12. g3 Nxg3 13. Bh6 Be6 14. Qxf8+ Kd7 15. Qxa8 Qxh6 16. Rg1 Ne4 17. Rd1 Qf4 18.
Qa7 b6 19. Rg2 Qxe5 20. Qxa6 Qxc3+ 21. Ke2 Qxc2+ 22. Ke1 Qc3+ 23. Ke2 Qc2+ 24. Ke1 Qc3+ 25. Ke2 Qc2+ 1/2-1/2

[Event "Late-Titled-Tuesday-Blitz-February-06-2024"]
[Site "Chess.com"]
[Date "2024.02.06"]
[Round "11"]
[White "karinachess1"]
[Black "Redzishchess"]
[Result "1-0"]
[WhiteElo "2682"]
[BlackElo "2535"]
[TimeControl "180+1"]
[EndTime "16:04:33 PST"]
[Termination "karinachess1 won on time"]

1. d4 Nf6 2. c4 g6 3. Nc3 d5 4.
h4 Bg7 5. h5 O-O 6. hxg6 hxg6 7. Nf3 c5 8. cxd5 Nxd5 9. Bh6 Nxc3 10. bxc3 cxd4 11. Bxg7 Kxg7 12. cxd4 Qa5+ 13. Qd2 Nc6 14. e3 Qxd2+ 15. Kxd2 Bg4 16. Rb1 b6 17. Ba6 Rad8 18.
Rhc1 Bxf3 19. gxf3 Nb8 20. Bb7 e5 21. d5 Nd7 22.
Rc7 Nc5 23. Bc6 e4 24. Rxa7 exf3 25. Rb4 Rh8 26. Rf4 Rh2 27. Rfxf7+ Kg8 28. Rxf3 Ne4+ 29. Kd3 Nxf2+ 30. Kd4 Rh4+ 31. Rf4 1-0

[Event "Late-Titled-Tuesday-Blitz-February-06-2024"]
[Site "Chess.com"]
[Date "2024.02.06"]
[Round "11"]
[White "Witik"]
[Black "Zavgorodniy_Sergiy"]
[Result "1-0"]
[WhiteElo "2759"]
[BlackElo "2593"]
[TimeControl "180+1"]
[EndTime "16:04:34 PST"]
[Termination "Witik won by resignation"]

1. d4 d5 2. c4 dxc4 3. Nf3 Nf6 4. e3 e6 5. Bxc4 a6 6. O-O b5 7. Bd3 Bb7 8. Qe2 Nbd7 9. a4 b4 10. e4 Be7 11. Rd1 O-O 12. b3 c5 13. Bb2 cxd4 14. Nxd4 Nc5 15. Bc4 Qc7 16. f3 Rfd8 17. Nd2 Bd6 18.
Nf1 Rd7 19. e5 Bxe5 20. Nb5 Bxh2+ 21. Nxh2 axb5 22. axb5 Rxa1 23. Rxa1 Nd5 24. Ng4 Qg3 25. Qe5 Qxe5 26. Nxe5 Rd8 27. Bd4 Nd7 28. Ra7 Nxe5 29.
Bxe5 Ba8 30. b6 f6 31. Rxa8 Rxa8 32. b7 Re8 33. Bxd5 fxe5 34. Bxe6+ Rxe6 35. b8=Q+ Kf7 36. Qxb4 1-0

[Event "Late-Titled-Tuesday-Blitz-February-06-2024"]
[Site "Chess.com"]
[Date "2024.02.06"]
[Round "11"]
[White "rionelG"]
[Black "PNEPaul"]
[Result "0-1"]
[WhiteElo "2196"]
[BlackElo "1900"]
[TimeControl "180+1"]
[EndTime "16:04:34 PST"]
[Termination "PNEPaul won by checkmate"]

1. e4 e5 2. Nf3 Nc6 3. Bb5 f5 4. Nc3 Nf6 5. d3 Be7 6. a4 O-O 7. Bc4+ Kh8 8. Ng5 Qe8 9. exf5 h6 10. h4 d6 11. Be6 Nd4 12. Nd5 Nxd5 13. Bxd5 c6 14. Ba2 Nxf5 15. g4 Nd4 16. c3 Bxg5 17. hxg5 Nf3+ 18. Kf1 Qg6 19. gxh6 Bxg4 20. hxg7+ Kxg7 21.
Bh6+ Qxh6 22. Rxh6 Kxh6 23. Qc1+ Rf4 24. Qe3 Kg5 25.
Kg2 Nh4+ 26. Kg3 Nf5+ 27. Kg2 Nxe3+ 28. fxe3 Rf3 29. Rg1 Rxe3 30. Kf2 Rxd3 31. Be6 Rf8+ 32.
Kg2 Rd2+ 33. Kh1 Rh8# 0-1

[Event "Late-Titled-Tuesday-Blitz-February-06-2024"]
[Site "Chess.com"]
[Date "2024.02.06"]
[Round "11"]
[White "LionTheLeon_06"]
[Black "manitodeplomo"]
[Result "1-0"]
[WhiteElo "2890"]
[BlackElo "2648"]
[TimeControl "180+1"]
[EndTime "16:04:35 PST"]
[Termination "LionTheLeon_06 won on time"]

1. c4 g6 2. Nf3 Bg7 3. e3 c5 4.
Nc3 Nf6 5. d4 O-O 6. d5 d6 7.
Be2 e6 8. O-O exd5 9. cxd5 a6 10. a4 Re8 11. Nd2 Nbd7 12. Nc4 Nb6 13. Na3 Bd7 14. h3 Rb8 15. Re1 Na8 16. Bf1 Ne4 17. Nxe4 Rxe4 18. Nc4 Qc7 19. a5 Bb5 20. Qc2 Ree8 21.
Ra2 Bxc4 22. Bxc4 b5 23. axb6 Nxb6 24. b3 Nxc4 25. bxc4 a5 26. Bd2 Rb4 27. Bxb4 cxb4 28.
Qb3 Rc8 29. Rc1 Bc3 30. Rxc3 bxc3 31. Qxc3 Qxc4 32. Qxa5 Kg7 33. Rd2 Qc1+ 34. Kh2 Rc5 35. Qa2 Qc3 36. Rd1 h5 37. h4 Qe5+ 38. g3 Qf5 39.
Rd2 Qe4 40. Qb2+ Kh7 41. Rd4 Qe5 42. Qd2 Kg7 43. Kg2 Rb5 44. Qd1 Rc5 45. Qb3 1-0